General information
- name: BNet
- type: Ladder team game (AT/RT)
- host: Battle.net
- saver: TRISS-MERIGOLD
map: TwilightRuins
- players: 8
- length: 18:50
- speed: Fast
- version: 1.26 W3XP
- replay type: Public
» download(122 KB)
Players
team 1 (winner)
bigyellowtwinki (
orange | 75 APM | 1408 actions | 18:49)
6 Warden
3 Shadow Strike
3 Blink
3 Keeper of the Grove
2 Entangling Roots
1 Thorns Aura
» actions
| Assign group hotkey | 32 | |
| Basic commands | 10 | |
| Build / train | 87 | |
| Enter build submenu | 21 | |
| Enter hero's abilities submenu | 9 | |
| Give item / drop item | 2 | |
| Right click | 569 | |
| Select / deselect | 277 | |
| Select group hotkey | 339 | |
| Use ability | 62 | |
1408 total
» units
| Wisp | 24 | |
| Archer | 10 | |
| Hippogryph | 11 | |
| Chimaera | 8 | |
| Druid of the Talon | 4 | |
57 total
» upgrades
| Ultravision | 1 | |
| Strength of the Moon | 1 | |
| Improved Bows | 1 | |
| Strength of the Wild | 2 | |
| Reinforced Hides | 2 | |
| Druid of the Talon Training | 2 | |
| Corrosive Breath | 1 | |
| Mark of the Talon | 1 | |
11 total
» buildings
| Moon Well | 7 | |
| Altar of Elders | 1 | |
| Ancient of War | 1 | |
| Hunter's Hall | 1 | |
| Ancient of Wonders | 1 | |
| Tree of Ages | 1 | |
| Tree of Life | 1 | |
| Tree of Eternity | 1 | |
| Ancient of Wind | 2 | |
| Chimaera Roost | 5 | |
21 total
» build order
00:40 Moon Well
00:54 Altar of Elders
01:08 Ancient of War
01:33 Moon Well
02:30 Moon Well
02:47 Hunter's Hall
03:08 Ancient of Wonders
04:19 Tree of Ages
05:07 Moon Well
05:23 Tree of Life
06:54 Tree of Eternity
07:45 Ancient of Wind
08:59 Ancient of Wind
10:45 Chimaera Roost
10:45 Chimaera Roost
11:38 Chimaera Roost
11:38 Chimaera Roost
11:40 Moon Well
12:17 Chimaera Roost
13:58 Moon Well
14:03 Moon Well
» items
| Circlet of Nobility | 1 | |
| Boots of Speed | 1 | |
| Scroll of Town Portal | 3 | |
5 total

»
Ranl)oM (
pink | 37 APM | 697 actions | 18:49)
6 Blademaster
2 Wind Walk
3 Critical Strike
1 Bladestorm
» actions
| Assign group hotkey | 12 | |
| Basic commands | 2 | |
| Build / train | 69 | |
| ESC pressed | 4 | |
| Enter build submenu | 19 | |
| Enter hero's abilities submenu | 6 | |
| Right click | 259 | |
| Select / deselect | 170 | |
| Select group hotkey | 101 | |
| Use ability | 55 | |
697 total
» units
| Peon | 13 | |
| Grunt | 7 | |
| Troll Headhunter/Berserker | 10 | |
| Troll Witch Doctor | 5 | |
| Shaman | 6 | |
41 total
» upgrades
| Melee Weapons | 1 | |
| Armor | 1 | |
| Troll Regeneration | 1 | |
| Ranged Weapons | 2 | |
| Witch Doctor Training | 2 | |
| Shaman Training | 2 | |
| Berserker Upgrade | 1 | |
10 total
» buildings
| Orc Burrow | 6 | |
| Altar of Storms | 1 | |
| Barracks | 2 | |
| Voodoo Lounge | 1 | |
| War Mill | 1 | |
| Great Hall | 1 | |
| Stronghold | 1 | |
| Watch Tower | 14 | |
| Spirit Lodge | 2 | |
| Fortress | 1 | |
30 total
» build order
00:08 Orc Burrow
00:13 Altar of Storms
00:29 Barracks
01:44 Orc Burrow
01:56 Voodoo Lounge
02:24 War Mill
03:51 Orc Burrow
05:38 Great Hall
06:24 Orc Burrow
08:04 Stronghold
08:10 Watch Tower
08:11 Watch Tower
08:12 Watch Tower
08:14 Watch Tower
08:15 Watch Tower
08:17 Watch Tower
09:24 Watch Tower
09:24 Watch Tower
09:26 Watch Tower
09:26 Watch Tower
09:27 Watch Tower
10:04 Watch Tower
10:05 Watch Tower
10:06 Watch Tower
10:38 Barracks
10:41 Spirit Lodge
10:43 Spirit Lodge
11:58 Orc Burrow
14:08 Fortress
14:10 Orc Burrow
» items
| Healing Salve | 2 | |
| Lesser Clarity Potion | 1 | |
| Scroll of Speed | 1 | |
| Scroll of Town Portal | 2 | |
| Scroll of Regeneration | 1 | |
| Periapt of Vitality | 1 | |
| Scroll of Healing | 1 | |
9 total

»
TRISS-MERIGOLD (
blue | 85 APM | 1605 actions | 18:50)
5 Blademaster
3 Wind Walk
2 Critical Strike
4 Shadow Hunter
2 Hex
2 Healing Wave
» actions
| Assign group hotkey | 37 | |
| Basic commands | 1 | |
| Build / train | 47 | |
| Enter build submenu | 17 | |
| Enter hero's abilities submenu | 9 | |
| Give item / drop item | 2 | |
| Right click | 788 | |
| Select / deselect | 182 | |
| Select group hotkey | 420 | |
| Use ability | 102 | |
1605 total
» units
| Peon | 9 | |
| Grunt | 4 | |
| Wind Rider | 4 | |
| Troll Batrider | 1 | |
18 total
» upgrades
| Ranged Weapons | 2 | |
| Armor | 1 | |
| Reinforced Defenses | 1 | |
4 total
» buildings
| Altar of Storms | 1 | |
| Orc Burrow | 9 | |
| Barracks | 1 | |
| Voodoo Lounge | 1 | |
| Stronghold | 1 | |
| War Mill | 1 | |
| Beastiary | 2 | |
| Fortress | 1 | |
| Watch Tower | 5 | |
22 total
» build order
00:12 Altar of Storms
00:21 Orc Burrow
00:36 Barracks
01:23 Orc Burrow
01:56 Voodoo Lounge
02:54 Stronghold
03:31 Orc Burrow
04:23 Orc Burrow
04:44 War Mill
05:38 Beastiary
05:55 Beastiary
07:54 Orc Burrow
09:47 Fortress
10:24 Orc Burrow
10:55 Orc Burrow
12:55 Watch Tower
12:56 Watch Tower
14:04 Watch Tower
14:04 Watch Tower
14:04 Watch Tower
14:44 Orc Burrow
14:44 Orc Burrow
» items
| Healing Salve | 4 | |
| Lesser Clarity Potion | 3 | |
| Scroll of Town Portal | 5 | |
12 total

»
wastedagain (
purple | 38 APM | 723 actions | 18:49)
5 Dark Ranger
1 Black Arrow
2 Life Drain
2 Silence
3 Archmage
1 Summon Water Elemental
2 Brilliance Aura
» actions
| Basic commands | 8 | |
| Build / train | 84 | |
| Enter build submenu | 36 | |
| Enter hero's abilities submenu | 9 | |
| Give item / drop item | 1 | |
| Remove unit from queue | 2 | |
| Right click | 258 | |
| Select / deselect | 271 | |
| Use ability | 54 | |
723 total
» units
| Peasant | 16 | |
| Rifleman | 8 | |
| Goblin Shredder | 1 | |
| Goblin Sapper | 1 | |
| Gryphon Rider | 11 | |
| Dragonhawk Rider | 2 | |
39 total
» upgrades
| Masonry | 2 | |
| Swords | 2 | |
| Armor | 2 | |
| Cloud | 1 | |
| Storm Hammers | 1 | |
8 total
» buildings
| Blacksmith | 1 | |
| Barracks | 1 | |
| Farm | 12 | |
| Altar of Kings | 1 | |
| Arcane Vault | 2 | |
| Town Hall | 2 | |
| Scout Tower | 10 | |
| Lumber Mill | 1 | |
| Guard Tower | 9 | |
| Keep | 1 | |
| Gryphon Aviary | 3 | |
| Castle | 1 | |
44 total
» build order
00:45 Blacksmith
01:04 Barracks
01:14 Farm
01:27 Altar of Kings
01:55 Farm
01:58 Farm
02:39 Farm
02:52 Arcane Vault
04:20 Town Hall
04:23 Scout Tower
04:31 Lumber Mill
04:55 Scout Tower
05:37 Farm
05:52 Scout Tower
05:54 Guard Tower
06:05 Scout Tower
06:26 Scout Tower
06:42 Scout Tower
06:46 Keep
07:04 Guard Tower
07:14 Scout Tower
07:30 Guard Tower
07:48 Guard Tower
07:51 Scout Tower
08:34 Guard Tower
08:38 Scout Tower
09:01 Scout Tower
09:24 Guard Tower
09:29 Gryphon Aviary
09:30 Castle
09:39 Guard Tower
10:10 Guard Tower
10:23 Farm
10:26 Gryphon Aviary
10:56 Gryphon Aviary
11:41 Guard Tower
11:51 Farm
12:15 Town Hall
12:44 Farm
13:22 Farm
14:03 Farm
14:37 Farm
14:45 Farm
18:02 Arcane Vault
» items
| Scroll of Regeneration | 5 | |
| Scroll of Town Portal | 1 | |
| Ivory Tower | 6 | |
12 total
team 2 (loser)
combatsushi (
teal | 79 APM | 1374 actions | 17:24)
4 Death Knight
2 Death Coil
1 Unholy Aura
1 Death Pact
3 Dark Ranger
1 Black Arrow
2 Silence
» actions
| Assign group hotkey | 34 | |
| Basic commands | 5 | |
| Build / train | 71 | |
| Enter build submenu | 16 | |
| Enter hero's abilities submenu | 10 | |
| Give item / drop item | 6 | |
| Remove unit from queue | 1 | |
| Right click | 358 | |
| Select / deselect | 182 | |
| Select group hotkey | 623 | |
| Use ability | 68 | |
1374 total
» units
| Acolyte | 8 | |
| Ghoul | 4 | |
| Crypt Fiend | 13 | |
| Obsidian Statue | 7 | |
32 total
» upgrades
| Creature Attack | 2 | |
| Web | 1 | |
| Creature Carapace | 3 | |
| Destroyer Form | 1 | |
7 total
» buildings
| Crypt | 1 | |
| Graveyard | 1 | |
| Altar of Darkness | 1 | |
| Ziggurat | 9 | |
| Tomb of Relics | 1 | |
| Nerubian Tower | 2 | |
| Halls of the Dead | 4 | |
| Spirit Tower | 6 | |
| Slaughterhouse | 1 | |
| Black Citadel | 1 | |
27 total
» build order
00:50 Crypt
00:54 Graveyard
01:35 Altar of Darkness
01:42 Ziggurat
02:14 Tomb of Relics
02:37 Ziggurat
02:53 Nerubian Tower
04:35 Ziggurat
05:18 Halls of the Dead
05:18 Halls of the Dead
05:18 Halls of the Dead
06:30 Ziggurat
06:53 Spirit Tower
07:25 Nerubian Tower
08:01 Ziggurat
08:06 Slaughterhouse
09:45 Spirit Tower
09:46 Ziggurat
11:33 Black Citadel
12:04 Spirit Tower
12:06 Ziggurat
12:06 Ziggurat
13:15 Spirit Tower
14:17 Spirit Tower
14:18 Spirit Tower
14:23 Ziggurat
» items
| Rod of Necromancy | 3 | |
| Sacrificial Skull | 1 | |
| Potion of Healing | 2 | |
| Scroll of Town Portal | 1 | |
| Orb of Corruption | 1 | |
8 total
Menhaden (
red | 38 APM | 717 actions | 18:48)
4 Demon Hunter
2 Mana Burn
2 Evasion
3 Pandaren Brewmaster
2 Breath of Fire
1 Drunken Haze
» actions
| Assign group hotkey | 16 | |
| Basic commands | 5 | |
| Build / train | 68 | |
| Enter build submenu | 15 | |
| Enter hero's abilities submenu | 7 | |
| Give item / drop item | 3 | |
| Right click | 252 | |
| Select / deselect | 157 | |
| Select group hotkey | 138 | |
| Use ability | 56 | |
717 total
» units
| Wisp | 30 | |
| Archer | 7 | |
| Druid of the Claw | 5 | |
| Dryad | 1 | |
43 total
» upgrades
| Druid of the Claw Training | 2 | |
| Mark of the Claw | 1 | |
| Strength of the Wild | 2 | |
| Nature's Blessing | 1 | |
| Reinforced Hides | 1 | |
| Abolish Magic | 1 | |
8 total
» buildings
| Altar of Elders | 1 | |
| Moon Well | 5 | |
| Ancient of War | 1 | |
| Tree of Ages | 1 | |
| Hunter's Hall | 1 | |
| Ancient of Wonders | 1 | |
| Tree of Life | 2 | |
| Tree of Eternity | 1 | |
| Ancient of Lore | 3 | |
| Ancient Protector | 1 | |
17 total
» build order
00:18 Altar of Elders
00:27 Moon Well
00:36 Ancient of War
01:48 Moon Well
02:36 Moon Well
03:10 Tree of Ages
04:02 Hunter's Hall
04:22 Ancient of Wonders
04:51 Moon Well
05:36 Tree of Life
05:49 Tree of Eternity
06:00 Ancient of Lore
06:25 Ancient of Lore
07:23 Ancient of Lore
11:01 Moon Well
12:19 Tree of Life
18:43 Ancient Protector
» items
| Orb of Venom | 1 | |
| Potion of Healing | 2 | |
| Staff of Preservation | 2 | |
| Scroll of Town Portal | 1 | |
6 total

»
battle00009 (
yellow | 24 APM | 455 actions | 18:40)
2 Death Knight
1 Death Coil
1 Unholy Aura
» actions
| Basic commands | 13 | |
| Build / train | 47 | |
| Enter build submenu | 19 | |
| Enter hero's abilities submenu | 2 | |
| Right click | 174 | |
| Select / deselect | 177 | |
| Use ability | 23 | |
455 total
» units
| Acolyte | 7 | |
| Ghoul | 8 | |
| Gargoyle | 11 | |
| Frost Wyrm | 10 | |
36 total
» upgrades
| Creature Attack | 2 | |
| Creature Carapace | 1 | |
| Freezing Breath | 1 | |
4 total
» buildings
| Crypt | 1 | |
| Ziggurat | 9 | |
| Altar of Darkness | 1 | |
| Halls of the Dead | 1 | |
| Graveyard | 1 | |
| Tomb of Relics | 1 | |
| Black Citadel | 1 | |
| Sacrificial Pit | 1 | |
| Spirit Tower | 1 | |
| Boneyard | 2 | |
| Necropolis | 1 | |
20 total
» build order
00:10 Crypt
00:27 Ziggurat
00:59 Altar of Darkness
01:11 Ziggurat
01:48 Ziggurat
02:58 Halls of the Dead
03:12 Graveyard
03:30 Tomb of Relics
05:20 Black Citadel
05:39 Ziggurat
06:11 Sacrificial Pit
06:48 Ziggurat
07:34 Spirit Tower
08:21 Boneyard
08:23 Boneyard
08:28 Ziggurat
08:29 Ziggurat
09:20 Ziggurat
09:23 Ziggurat
09:41 Necropolis
» items
DOWRKSON (
green | 29 APM | 499 actions | 17:12)
4 Keeper of the Grove
2 Entangling Roots
2 Thorns Aura
» actions
| Basic commands | 1 | |
| Build / train | 48 | |
| Enter build submenu | 15 | |
| Enter hero's abilities submenu | 4 | |
| Remove unit from queue | 9 | |
| Right click | 237 | |
| Select / deselect | 156 | |
| Use ability | 29 | |
499 total
» units
| Wisp | 9 | |
| Archer | 6 | |
| Huntress | 9 | |
| Dryad | 5 | |
29 total
» upgrades
| Improved Bows | 1 | |
| Abolish Magic | 1 | |
| Strength of the Moon | 1 | |
| Moon Armor | 1 | |
4 total
» buildings
| Altar of Elders | 1 | |
| Moon Well | 5 | |
| Ancient of War | 2 | |
| Hunter's Hall | 1 | |
| Tree of Ages | 1 | |
| Ancient Protector | 1 | |
| Tree of Life | 1 | |
| Ancient of Lore | 2 | |
14 total
» build order
00:07 Altar of Elders
00:09 Moon Well
01:05 Ancient of War
01:54 Moon Well
01:58 Ancient of War
02:42 Hunter's Hall
02:55 Moon Well
04:46 Tree of Ages
05:01 Ancient Protector
06:10 Tree of Life
06:47 Moon Well
08:32 Ancient of Lore
11:57 Ancient of Lore
16:13 Moon Well
Chat log
(01:50 / Allies) TRISS-MERIGOLD: u want to hit top wiht me pink
(02:00 / Allies) Ranl)oM: ya
(02:34 / Allies) TRISS-MERIGOLD: lets go?
(02:43 / Allies) Ranl)oM: a lil bit
(02:48 / Allies) Ranl)oM: gimme 2 min
(04:26 / Allies) Ranl)oM: almost tready after quick expo cooL?
(04:31 / Allies) TRISS-MERIGOLD: yes
(05:53 / Allies) Ranl)oM: im ready
(05:58 / Allies) TRISS-MERIGOLD: lets hit expos
(05:59 / Allies) TRISS-MERIGOLD: meet
(07:03 / Allies) TRISS-MERIGOLD: these guys arent creeping shit
(07:07 / Allies) Ranl)oM: nope
(08:28 / Allies) bigyellowtwinki: coming
(09:18 / Allies) TRISS-MERIGOLD: dont tp coming
(09:52 / Allies) Ranl)oM: not dead
(10:50 / Allies) Ranl)oM: they doin air i ll go casters hh
(11:27 / Allies) bigyellowtwinki: so much for saving blue
(11:28 / All) combatsushi: ...
(11:49 / Allies) Ranl)oM: i'll get a tp right now
(12:08 / Allies) bigyellowtwinki: wood me if you have
(12:27 / Allies) TRISS-MERIGOLD: gold
(14:18 / Allies) TRISS-MERIGOLD: meet
(14:20 / Allies) TRISS-MERIGOLD: lets hit green
(14:45 / Allies) Ranl)oM: make some bats when i get some more lumber
(15:01 / Allies) wastedagain: help?
(15:05 / Allies) Ranl)oM: cp,omg
(15:21 / Allies) bigyellowtwinki: wtf
(15:24 / Allies) bigyellowtwinki: didnt know team was blind
(17:22 / All) combatsushi: wow what a noobteam
(18:18 / Allies) TRISS-MERIGOLD: tp
(18:19 / Allies) TRISS-MERIGOLD: ,u base
(18:20 / Allies) TRISS-MERIGOLD: ?